Map: Blueshift LE

Players

zuka - Winner!

  • Race: Protoss Protoss
  • League: Master
  • Spawn Location: 7:00

Kiss

  • Race: Protoss Protoss
  • League: Master
  • Spawn Location: 1:00

VOD

Have the link to the VOD?

Description

Time

  • Played on: Nov. 10, 2018, 10:21 a.m.
  • Length: 17:52
Show
View Real Time Build Order
Export as new Build Order

zuka Protoss - Winner!

Build Orders: Phoenix Opening, Zealot Archon 

Get SALT Encoding   

  12  0:01  Probe  
  13  0:13  Probe  
  14  0:18  Pylon  
  14  0:22  Probe  
  15  0:32  Probe  
  15  0:39  Gateway  
  16  0:43  Probe  
  16  0:48  Assimilator  
  17  0:54  Probe  
  18  0:57  Assimilator  
  18  1:02  Probe  
  18  1:10  Probe  
  19  1:12  Gateway  
  20  1:22  Probe  
  21  1:28  Cybernetics Core  
  21  1:34  Probe  
  22  1:40  Pylon  
  22  1:46  Probe  
  23  1:58  Probe  
  23  2:00  Warp Gate  
  24  2:05  Stalker  
  24  2:06  Stalker  
  28  2:23  Pylon  
  28  2:35  Stalker  
  30  2:40  Stalker  
  32  2:48  Shield Battery  
  32  2:52  Stargate  
  32  3:18  Robotics Facility  
  31  3:22  Pylon  
  31  3:30  Nexus  
  31  3:32  Phoenix, Shield Battery  
  33  3:54  Probe  
  34  3:55  Phoenix  
  36  4:06  Observer, Probe  
  38  4:12  Phoenix  
  38  4:18  Probe  
  41  4:31  Probe  
  42  4:33  Immortal  
  46  4:42  Probe  
  46  4:43  Probe  
  46  4:45  Pylon  
  48  4:54  Probe  
  48  4:55  Gateway  
  48  4:57  Probe  
  50  5:09  Probe  
  50  5:11  Probe  
  52  5:15  Immortal  
  52  5:16  Forge  
  52  5:17  Probe  
  53  5:28  Probe x2  
  59  5:39  Protoss Ground Weapons Level 1  
  59  5:40  Probe  
  59  5:41  Probe  
  61  5:48  Twilight Council  
  61  5:53  Probe  
  61  5:54  Shield Battery  
  61  5:56  Shield Battery  
  62  6:02  Probe  
  67  6:11  Immortal  
  67  6:14  Gateway  
  67  6:18  Assimilator  
  67  6:21  Charge  
  67  6:23  Assimilator  
  67  6:24  Gateway  
  67  6:35  Zealot  
  67  6:39  Pylon  
  69  6:41  Pylon  
  69  6:44  Templar Archives  
  69  6:51  Gateway  
  69  6:57  Shield Battery  
  69  6:59  Photon Cannon  
  69  7:02  Probe x2  
  71  7:08  Pylon  
  75  7:17  Protoss Ground Weapons Level 2  
  75  7:22  Shield Battery  
  71  7:24  High Templar, Shield Battery  
  71  7:26  Zealot  
  71  7:27  Zealot, High Templar  
  71  7:28  Zealot  
  81  7:31  Archon  
  81  7:43  Pylon  
  81  7:44  Pylon  
  81  7:48  Zealot, Shield Battery  
  81  7:50  Shield Battery  
  83  8:03  Probe  
  83  8:04  Probe  
  85  8:09  Nexus  
  85  8:11  Probe  
  85  8:16  Probe  
  85  8:19  Probe  
  87  8:24  High Templar x2  
  92  8:27  Zealot  
  92  8:28  Archon, Probe  
  92  8:30  Probe  
  96  8:43  Probe x2  
  98  8:52  Pylon  
  98  8:55  Probe x2, Gateway  
  100  9:00  Pylon  
  100  9:03  High Templar x2, Protoss Ground Weapons Level 3  
  100  9:07  Probe x2  
  106  9:12  Pylon, Zealot x2  
  106  9:13  Archon  
  110  9:19  Probe x2  
  112  9:25  Pylon, Probe  
  113  9:31  Zealot, Probe x2  
  113  9:32  Zealot  
  113  9:38  Probe  
  120  9:43  Probe  
  120  9:44  Probe  
  122  9:47  Assimilator  
  122  9:50  Probe  
  122  9:52  Assimilator  
  123  9:54  Warp Prism  
  123  9:58  Zealot, High Templar x2  
  123  9:59  Zealot x2  
  133  10:12  Photon Cannon  
  133  10:21  Pylon  
  133  10:22  High Templar x2  
  133  10:23  Zealot x2  
  133  10:25  Photon Cannon, Zealot  
  133  10:26  Archon  
  143  10:39  Pylon  
  143  10:42  Gateway  
  143  10:43  Gateway  
  143  10:46  Gateway  
  143  10:50  High Templar  
  143  10:51  High Templar  
  143  10:52  Zealot  
  143  10:53  Zealot  
  143  10:54  High Templar  
  143  10:55  High Templar  
  155  10:57  Archon  
  155  11:06  Zealot  
  157  11:15  High Templar x2  
  157  11:17  Nexus  
  161  11:18  Pylon  
  161  11:20  Immortal  
  161  11:22  Pylon  
  161  11:25  Pylon  
  165  11:26  Gateway  
  165  11:43  High Templar x2  
  165  11:44  Zealot x3  
  165  11:45  Archon  
  165  11:47  Archon  
  163  11:49  Archon  
  163  11:50  Zealot x3  
  163  11:51  Zealot  
  136  11:56  Archon  
  106  12:05  Zealot x3  
  85  12:19  Zealot x4  
  85  12:21  Zealot x2  
  85  12:22  Void Ray  
  87  12:29  Probe x3  
  90  12:34  Protoss Shields Level 1  
  90  12:36  Zealot x3  
  98  12:42  Probe  
  98  12:43  Probe x2  
  101  12:51  Stargate  
  101  12:53  Gateway  
  101  12:55  Assimilator, Probe x2  
  101  12:56  Gateway  
  103  12:59  Assimilator  
  103  13:00  High Templar x2  
  103  13:01  High Templar x2  
  103  13:03  Zealot x2, Void Ray  
  103  13:04  Archon  
  103  13:05  Archon  
  119  13:20  Fleet Beacon  
  119  13:22  Protoss Air Weapons Level 1  
  119  13:37  Void Ray, Mothership  
  119  13:38  Zealot x3  
  119  13:39  Zealot x3  
  119  13:40  Zealot  
  131  13:42  Void Ray  
  147  14:20  High Templar x2  
  147  14:21  High Templar  
  153  14:30  Archon  
  153  14:31  High Templar  
  155  14:36  Nexus  
  155  14:39  Pylon  
  155  14:40  Void Ray  
  155  14:41  Pylon  
  155  14:42  Void Ray  
  161  14:54  High Templar  
  161  14:55  Zealot, High Templar  
  161  14:56  Zealot x4  
  161  14:59  Archon  
  175  15:00  Archon  
  175  15:04  Photon Cannon  
  175  15:05  High Templar x2  
  175  15:06  Zealot  
  181  15:08  Zealot  
  181  15:09  Observer, Archon  
  181  15:13  Zealot x2  
  188  15:23  Photon Cannon  
  188  15:25  Assimilator  
  188  15:27  Assimilator  
  188  15:32  Zealot  
  188  15:33  Zealot x2  
  194  15:45  Pylon  
  194  16:00  Zealot  
  194  16:01  Zealot x2  
  176  16:19  High Templar  
  176  16:20  High Templar x3  
  176  16:21  High Templar  
  176  16:22  High Templar  
  176  16:24  Archon  
  176  16:25  Archon  
  188  16:29  Archon  
  164  16:37  Zealot x4  
  164  16:38  Zealot x2  
  154  16:53  High Templar x2  
  154  16:54  High Templar x2  
  160  16:56  High Templar x2  
  160  16:57  Archon  
  160  16:58  Archon  
  160  17:00  Archon  
  160  17:01  Zealot x4  
  170  17:02  Zealot x2  
  148  17:30  Zealot x2  
  148  17:31  Zealot x4  
  148  17:32  Zealot x5  
  148  17:33  Zealot  
Show
View Real Time Build Order
Export as new Build Order

Kiss Protoss 

Build Orders: Zealot Archon 

Get SALT Encoding   

  12  0:01  Probe  
  13  0:13  Probe  
  14  0:18  Pylon  
  14  0:25  Probe  
  15  0:36  Probe  
  15  0:41  Gateway  
  16  0:44  Probe  
  17  0:50  Assimilator  
  17  0:53  Probe  
  18  1:00  Assimilator  
  18  1:03  Probe  
  19  1:15  Probe  
  19  1:16  Gateway  
  20  1:27  Probe  
  20  1:30  Cybernetics Core  
  22  1:40  Probe  
  22  1:42  Pylon  
  22  1:52  Probe  
  23  1:58  Adept  
  23  1:59  Adept  
  23  2:04  Probe  
  28  2:11  Warp Gate  
  28  2:22  Pylon  
  28  2:29  Stalker  
  30  2:40  Stalker  
  32  2:45  Shield Battery  
  30  3:14  Robotics Facility  
  30  3:18  Stalker x2  
  34  3:20  Shield Battery  
  34  3:36  Gateway  
  34  4:00  Nexus  
  34  4:03  Observer  
  35  4:10  Twilight Council  
  35  4:11  Forge  
  35  4:12  Probe  
  36  4:20  Probe  
  37  4:25  Observer  
  37  4:28  Probe  
  39  4:46  Protoss Ground Weapons Level 1  
  39  4:48  Charge, Pylon  
  39  5:06  Probe  
  40  5:08  Photon Cannon  
  38  5:16  Probe x2  
  38  5:19  Templar Archives  
  40  5:24  Probe x2  
  41  5:32  Probe  
  41  5:34  Probe  
  42  5:44  Probe  
  42  5:46  Probe  
  44  5:54  Assimilator  
  44  5:57  Probe  
  45  5:58  Assimilator, Probe  
  46  6:11  High Templar x2, Gateway, Probe  
  47  6:12  Gateway  
  47  6:13  Probe  
  47  6:14  Gateway  
  47  6:15  Archon  
  51  6:19  Probe  
  51  6:21  Probe  
  52  6:28  Probe  
  52  6:31  Probe  
  54  6:39  Probe  
  55  6:42  Protoss Ground Weapons Level 2  
  55  6:43  Pylon  
  55  6:45  Pylon  
  56  6:47  High Templar x2  
  56  6:51  Archon  
  60  6:54  Probe x2  
  60  7:00  Pylon  
  62  7:06  Probe x2  
  63  7:18  Probe x2  
  65  7:29  High Templar x2  
  69  7:30  Nexus  
  69  7:34  Archon  
  68  7:37  Pylon  
  68  7:42  Probe  
  68  7:43  Robotics Bay  
  69  7:53  Photon Cannon  
  69  7:59  Gateway  
  69  8:00  Gateway  
  69  8:06  Robotics Facility  
  69  8:09  Pylon, Probe  
  70  8:15  Colossus  
  70  8:18  Probe  
  77  8:36  Probe x2  
  76  8:41  Colossus  
  76  8:48  Probe x2  
  76  8:49  Photon Cannon  
  76  8:51  Photon Cannon  
  76  8:52  Probe  
  85  9:00  Extended Thermal Lance, Probe  
  85  9:01  Probe  
  87  9:04  Probe  
  88  9:13  Protoss Ground Weapons Level 3  
  88  9:24  Colossus, Probe  
  89  9:26  Assimilator  
  89  9:27  Pylon  
  89  9:28  Assimilator, Pylon  
  95  9:45  Probe x2  
  97  9:51  High Templar x2  
  101  9:55  Archon, Probe  
  101  9:57  Probe x2  
  101  9:59  Immortal  
  106  10:07  Probe  
  106  10:09  Probe  
  108  10:14  High Templar  
  108  10:15  High Templar  
  108  10:16  Zealot  
  108  10:17  Zealot x3  
  108  10:19  Archon  
  120  10:23  Immortal  
  120  10:26  Pylon  
  120  10:29  Immortal  
  120  10:30  Pylon  
  120  10:33  Pylon  
  120  10:35  Zealot x2  
  132  10:55  High Templar  
  134  10:57  Zealot, High Templar  
  134  10:58  Zealot x5  
  134  11:01  Archon  
  134  11:02  Observer  
  149  11:06  Immortal  
  153  11:19  Pylon  
  153  11:24  Zealot x2  
  157  11:32  Pylon  
  157  11:36  Pylon  
  157  11:37  Pylon  
  157  11:39  Pylon  
  155  11:51  Zealot x7  
  155  11:52  Zealot  
  151  11:55  Probe  
  112  12:12  Protoss Ground Armor Level 1  
  112  12:13  Immortal  
  112  12:14  Immortal  
  87  12:20  Zealot x4  
  87  12:21  Zealot x4  
  85  12:45  High Templar x6  
  85  12:46  High Templar x2, Immortal x2  
  85  12:49  Archon x2  
  85  12:50  Archon x2  
  109  13:20  High Templar x2  
  109  13:21  High Templar x2  
  109  13:22  Zealot x4  
  109  13:24  Archon  
  109  13:25  Archon  
  125  13:33  Colossus  
  125  13:35  Protoss Ground Armor Level 2  
  125  13:43  Colossus  
  137  14:03  Nexus  
  137  14:04  Pylon x2  
  137  14:12  High Templar x2  
  137  14:13  Zealot x5  
  137  14:14  Zealot  
  137  14:16  Archon  
  153  14:24  Pylon  
  153  14:30  Colossus  
  152  14:33  Colossus  
  164  14:43  Probe x2  
  166  14:55  High Templar x2  
  166  14:59  Archon  
  170  15:01  Zealot x3  
  170  15:02  Zealot x3  
  170  15:06  Assimilator  
  182  15:08  Probe  
  182  15:11  Assimilator  
  183  15:24  Observer  
  183  15:26  Observer  
  183  15:33  Stalker x2  
  183  15:34  Stalker x5  
  199  15:42  Pylon  
  184  16:06  Zealot x2  
  184  16:07  Zealot x6  
  160  16:41  Stalker  
  160  16:42  Stalker x6  
  160  16:43  Stalker  
  176  16:47  Nexus  
  176  17:08  Stalker x2  
  176  17:09  Stalker x4  
  102  17:42  Zealot x2  
  102  17:43  Zealot x2  
Tags
 
Add a new tag
Caveats
  • Supply blocks, unpowered buildings, or Contaminate may cause inaccurate times.
  • Supply counts are checked every 10 seconds.